 Dungeon Crawl Stone Soup version 0.27-a0-156-gbcd94eb011 (console) character file.

Game seed: 12436507050780780565

3332 jejorda2 the Carver (level 10, -9/120 HPs)
             Began as a Gnoll Berserker on Jan 27, 2021.
             Was an Elder of Trog.
             Mangled by an orc knight
             ... wielding a +0 bardiche
              (34 damage)
             ... in a bailey.
             The game lasted 00:27:40 (8846 turns).

jejorda2 the Carver (Gnoll Berserker)               Turns: 8846, Time: 00:27:40

Health: -9/120     AC: 16    Str: 19    XL:     10   Next: 2%
Magic:  17/17      EV:  8    Int:  8    God:    Trog [****..]
Gold:   496        SH:  5    Dex: 11    Spells: 18/18 levels left

rFire    . . .     SeeInvis .   a - +1 falchion
rCold    . . .     Faith    .   (no shield)
rNeg     . . .     Spirit   .   E - +3 plate armour
rPois    .         Reflect  +   (no helmet)
rElec    .         Harm     .   (no cloak)
rCorr    .         Rampage  .   (no gloves)
Will     ++...                  (no boots)
Stlth    ..........             j - amulet of reflection
HPRegen  1.30/turn              A - ring of stealth
MPRegen  0.15/turn              (no ring)

@: berserking, regenerating, very quick
A: distributed training, fangs 1, strong nose
a: Renounce Religion, Berserk, Trog's Hand, Brothers in Arms


You were in a bailey.
You worshipped Trog.
Trog was greatly pleased with you.
You visited 1 branch of the dungeon, and saw 7 of its levels.
You also visited: Ossuary and Bailey.

You collected 496 gold pieces.

Inventory:

Hand Weapons
 a - a +1 falchion (weapon)
 b - a +0 glaive
 D - a +0 bardiche
Missiles
 k - 16 poisoned darts (quivered)
 o - 201 stones
 z - 5 javelins
Armour
 E - a +3 plate armour (worn)
Jewellery
 j - an amulet of reflection (around neck)
 A - a ring of stealth (left hand)
Wands
 w - a wand of polymorph (5)
 x - a wand of acid (9)
Scrolls
 c - 5 scrolls of teleportation
 h - 2 scrolls of fog
 i - 3 scrolls of immolation
 q - a scroll of blinking
 u - 5 scrolls of remove curse
 y - a scroll of vulnerability {unknown}
Potions
 d - 9 potions of curing
 e - a potion of attraction {unknown}
 f - 2 potions of flight {unknown}
 g - 5 potions of might
 l - 2 potions of lignification
 m - 2 potions of ambrosia {unknown}
 n - 3 potions of heal wounds
 p - 2 potions of mutation {unknown}
 r - 3 potions of invisibility
 t - 2 potions of haste
 v - 2 potions of resistance
 B - a potion of berserk rage {unknown}
 C - a potion of experience {unknown}


   Skills:
 + Level 8.2 Fighting
 + Level 4.8 Short Blades
 + Level 8.2 Long Blades
 + Level 4.8 Axes
 + Level 4.8 Maces & Flails
 + Level 4.8 Polearms
 + Level 4.8 Staves
 + Level 4.8 Slings
 + Level 4.8 Bows
 + Level 4.8 Crossbows
 + Level 4.8 Throwing
 + Level 6.7 Armour
 + Level 6.7 Dodging
 + Level 4.8 Stealth
 + Level 4.8 Shields
 + Level 4.8 Unarmed Combat
 + Level 4.8 Spellcasting
 + Level 4.0 Conjurations
 + Level 4.0 Hexes
 + Level 4.0 Summonings
 + Level 4.0 Necromancy
 + Level 4.0 Translocations
 + Level 4.0 Transmutations
 + Level 4.0 Fire Magic
 + Level 4.0 Ice Magic
 + Level 4.0 Air Magic
 + Level 4.0 Earth Magic
 + Level 4.0 Poison Magic
 + Level 5.3 Invocations
 + Level 4.8 Evocations


You had 18 spell levels left.
You didn't know any spells.
Your spell library was empty.

Dungeon Overview and Level Annotations

Branches:
Dungeon (7/15)             Temple (0/1) D:7         Ossuary (visited)
 Bailey (1/1)

Altars:
Ashenzari
Cheibriados
Dithmenos
Fedhas
Gozag
Ru
Sif Muna
Trog
Xom

Annotations:
D:4 exclusion: orc wizard
D:5 1 runed translucent door, Orlauf's ghost, novice OpCj


Innate Abilities, Weirdness & Mutations

Your experience applies equally to all skills.
You have very sharp teeth.
Your uncanny sense of smell can sniff out nearby items.


Message History

The orc knight hits you with a +0 trident!
You hit the orc knight but do no damage.
Your ogre hits the orc knight with a cursed -2 giant club!!
You hit the orc knight.
The orc knight is heavily wounded.
The orc knight hits you with a +0 trident.
Your ogre barely misses the orc knight.
The orc knight hits you with a +0 bardiche!!
You closely miss the orc knight.
You bite the orc knight, but do no damage.
The orc knight is heavily wounded.
You slash the orc knight!
The orc knight is severely wounded.
Your ogre closely misses the orc knight.
The orc knight hits you with a +0 trident!
* * * LOW HITPOINT WARNING * * *
You slash the orc knight!
The orc knight is almost dead.
The orc knight hits you with a +0 bardiche!!
You die...

############ #######
##..........###.....###
#............'....)..#.
#..??O.......'.......'.
#∩.??o.......'..[....'.
#..?.o@......')......'.
#............'.......#.
##..........###....)###
############ #######


You could see 2 orc knights and a friendly ogre (summoned, berserk).

Vanquished Creatures
  Sigmund (D:6)
  Edmund (D:6)
  4 orc warriors (Bailey)
  2 black bears (D:6)
  A necrophage (D:5)
  An ogre (D:4)
  2 bullfrogs (D:6)
  An elf zombie (Ossuary)
  A gnoll sergeant (D:5)
  2 scorpions
  A jelly (D:4)
  2 howler monkeys
  2 centaur zombies (Ossuary)
  4 orc priests
  4 hounds
  2 bullfrog skeletons
  3 iguanas
  10 orc wizards
  5 worker ants
  2 big kobold zombies (Ossuary)
  2 mummies (Ossuary)
  9 gnolls
  7 adders
  2 white imps (D:6)
  An ooze (D:1)
  An adder zombie (Ossuary)
  2 adder skeletons (D:5)
  2 worms
  A dart slug (D:1)
  A leopard gecko (D:4)
  45 orcs
  2 giant cockroaches
  6 hobgoblins
  16 jackals
  A ball python (D:2)
  7 bats
  5 frilled lizards
  14 goblins
  A goblin zombie (Ossuary)
  12 hobgoblin zombies (Ossuary)
  A jackal skeleton (D:5)
  A jackal zombie (Ossuary)
  11 kobolds
  11 kobold zombies (Ossuary)
  A leopard gecko zombie (D:6)
  5 orc zombies (Ossuary)
  6 rats
  A rat zombie (Ossuary)
225 creatures vanquished.

Vanquished Creatures (collateral kills)
  2 orc knights (Bailey)
  4 orc warriors (Bailey)
  9 orcs (Bailey)
15 creatures vanquished.

Vanquished Creatures (others)
  A plant (D:5)
1 creature vanquished.

Grand Total: 241 creatures vanquished

Notes
Turn   | Place    | Note
-------+----------+-------------------------------------------
     0 | D:1      | jejorda2 the Gnoll Berserker began the quest for the Orb.
     0 | D:1      | Reached XP level 1. HP: 23/23 MP: 1/1
   258 | D:1      | Reached XP level 2. HP: 29/29 MP: 2/2
   698 | D:1      | Reached XP level 3. HP: 35/35 MP: 3/3
  1066 | D:2      | Reached skill level 1 in Invocations
  1078 | D:2      | Reached skill level 1 in Short Blades
  1078 | D:2      | Reached skill level 1 in Axes
  1078 | D:2      | Reached skill level 1 in Maces & Flails
  1078 | D:2      | Reached skill level 1 in Polearms
  1078 | D:2      | Reached skill level 1 in Staves
  1078 | D:2      | Reached skill level 1 in Slings
  1078 | D:2      | Reached skill level 1 in Bows
  1078 | D:2      | Reached skill level 1 in Crossbows
  1078 | D:2      | Reached skill level 1 in Throwing
  1078 | D:2      | Reached skill level 1 in Stealth
  1078 | D:2      | Reached skill level 1 in Shields
  1078 | D:2      | Reached skill level 1 in Unarmed Combat
  1078 | D:2      | Reached skill level 1 in Spellcasting
  1078 | D:2      | Reached skill level 1 in Evocations
  1125 | D:2      | Reached XP level 4. HP: 16/41 MP: 5/5
  1542 | D:2      | Reached ** piety under Trog
  1566 | D:2      | Found a broken altar of Ashenzari.
  1700 | D:2      | You fall into a shaft and drop 2 floors!
  1714 | D:4      | Reached skill level 1 in Conjurations
  1714 | D:4      | Reached skill level 1 in Hexes
  1714 | D:4      | Reached skill level 1 in Summonings
  1714 | D:4      | Reached skill level 1 in Necromancy
  1714 | D:4      | Reached skill level 1 in Translocations
  1714 | D:4      | Reached skill level 1 in Transmutations
  1714 | D:4      | Reached skill level 1 in Fire Magic
  1714 | D:4      | Reached skill level 1 in Ice Magic
  1714 | D:4      | Reached skill level 1 in Air Magic
  1714 | D:4      | Reached skill level 1 in Earth Magic
  1714 | D:4      | Reached skill level 1 in Poison Magic
  1735 | D:4      | Noticed an ogre
  1740 | D:4      | Killed an ogre
  1741 | D:4      | Reached XP level 5. HP: 47/47 MP: 5/7
  1775 | D:4      | Found a sand-covered staircase.
  1794 | Ossuary  | Entered an ossuary
  2035 | Ossuary  | Reached XP level 6. HP: 49/53 MP: 8/8
  2065 | Ossuary  | Reached skill level 5 in Armour
  2065 | Ossuary  | Reached skill level 5 in Dodging
  2485 | D:4      | Reached *** piety under Trog
  2627 | D:4      | Reached XP level 7. HP: 59/59 MP: 10/10
  3485 | D:4      | Found a shimmering blue altar of Sif Muna.
  5176 | D:3      | Reached XP level 8. HP: 67/67 MP: 12/12
  5327 | D:3      | Found an opulent altar of Gozag.
  5729 | D:5      | Entered Level 5 of the Dungeon
  5933 | D:5      | Reached **** piety under Trog
  5959 | D:5      | Found a snail-covered altar of Cheibriados.
  6004 | D:5      | Got a transparent hand axe
  6107 | D:5      | Identified the +8 hand axe "Ukhuh" {pain, rN+ Int+7 Dex+3
                  | Stlth+} (You found it on level 5 of the Dungeon)
  6754 | D:5      | Found a runed translucent door.
  6755 | D:5      | Noticed Orlauf's ghost (novice OpCj)
  6839 | D:5      | Found a shadowy altar of Dithmenos.
  6946 | D:6      | Found an opulent altar of Gozag.
  7251 | D:6      | Noticed Edmund
  7275 | D:6      | Killed Edmund
  7408 | D:6      | Reached XP level 9. HP: 68/72 MP: 14/14
  7593 | D:6      | Found a bloodstained altar of Trog.
  7912 | D:6      | Noticed Sigmund
  7924 | D:6      | Killed Sigmund
  7962 | D:6      | Found a sacrificial altar of Ru.
  7972 | D:6      | Found a shimmering altar of Xom.
  8027 | D:7      | Found a blossoming altar of Fedhas.
  8087 | D:7      | Found a staircase to the Ecumenical Temple.
  8154 | D:7      | Found a flagged portal.
  8262 | Bailey   | Entered a bailey
  8287 | Bailey   | Reached ***** piety under Trog
  8757 | Bailey   | Noticed an orc knight
  8787 | Bailey   | Reached skill level 5 in Invocations
  8799 | Bailey   | Killed an orc knight
  8800 | Bailey   | Noticed an orc knight
  8803 | Bailey   | Killed an orc knight
  8804 | Bailey   | Reached XP level 10. HP: 80/80 MP: 15/17
  8833 | Bailey   | Noticed an orc knight
  8833 | Bailey   | Noticed an orc knight
  8846 | Bailey   | Mangled by an orc knight

Illustrated notes

Levels and vault maps discovered:
D:1:      dpeg_arrival_another_circle, layout_basic
D:2:      layout_basic, lemuel_round_altar, chequers_arboretum,
          corexii_hall_statues_deadend, minmay_close_crescents
D:3:      layout_rooms, nicolae_gozag_seed_capital
D:4:      layout_basic, enter_ossuary_5, tgw_sif
D:5:      corexii_shack_village, layout_loops_ring, cheibriados_altar_1,
          lemuel_crystal_altar, ebering_ghost_reflecting_pool
D:6:      layout_loops_ring, amethyst_overflow_temple_binary,
          trog_ov_bears_minmay, basic_altar, uniq_sigmund, uniq_maggie,
          uniq_edmund
D:7:      layout_basic, grunt_temple_overflow_magic_moments,
          nicolae_overflow_crystal_walls, fedhas_altar_1,
          minmay_temple_entry_offerings, enter_bailey_5, minivault_26
Bailey:   bailey_polearm_5, bailey

Skill      XL: |  1  2  3  4  5  6  7  8  9 10 |
---------------+-------------------------------+-----
Invocations    | 1 2 3 4 5 |  5.3
Short Blades   | 1 2 3 4 |  4.8
Axes           | 1 2 3 4 |  4.8
Maces & Flails | 1 2 3 4 |  4.8
Polearms       | 1 2 3 4 |  4.8
Staves         | 1 2 3 4 |  4.8
Slings         | 1 2 3 4 |  4.8
Bows           | 1 2 3 4 |  4.8
Crossbows      | 1 2 3 4 |  4.8
Throwing       | 1 2 3 4 |  4.8
Stealth        | 1 2 3 4 |  4.8
Shields        | 1 2 3 4 |  4.8
Unarmed Combat | 1 2 3 4 |  4.8
Spellcasting   | 1 2 3 4 |  4.8
Evocations     | 1 2 3 4 |  4.8
Conjurations   | 1 2 3 4 |  4.0
Hexes          | 1 2 3 4 |  4.0
Summonings     | 1 2 3 4 |  4.0
Necromancy     | 1 2 3 4 |  4.0
Translocations | 1 2 3 4 |  4.0
Transmutations | 1 2 3 4 |  4.0
Fire Magic     | 1 2 3 4 |  4.0
Ice Magic      | 1 2 3 4 |  4.0
Air Magic      | 1 2 3 4 |  4.0
Earth Magic    | 1 2 3 4 |  4.0
Poison Magic   | 1 2 3 4 |  4.0
Armour         | 5 6 |  6.7
Dodging        | 5 6 |  6.7
Fighting       | 7 8 |  8.2
Long Blades    | 7 8 |  8.2

Action                   |  1- 3 |  4- 6 |  7- 9 | 10-12 || total
-------------------------+-------+-------+-------+-------++-------
Melee: Falchion          |    75 |   198 |   537 |     7 ||   817
       Bite              |     5 |    24 |    68 |     1 ||    98
       Punch             |       |     3 |     8 |       ||    11
Throw: Stone             |       |    48 |    67 |       ||   115
       Dart              |       |       |     2 |       ||     2
Invok: Berserk           |     1 |     2 |    10 |     1 ||    14
       Trog's Hand       |       |     2 |     4 |     1 ||     7
       Brothers in Arms  |       |       |     3 |     1 ||     4
Evoke: Wand              |       |       |     2 |       ||     2
  Use: Scroll            |       |     1 |    20 |       ||    21
 Stab: Sleeping          |       |       |     1 |       ||     1
Armor: Ring mail         |    27 |    56 |    21 |       ||   104
       Scale mail        |       |       |    42 |       ||    42
       Chain mail        |       |       |    98 |       ||    98
       Skin              |       |       |    11 |       ||    11
       Plate armour      |       |       |     1 |       ||     1
Dodge: Dodged            |    37 |   104 |   235 |     2 ||   378
Block: Other             |       |       |    71 |     2 ||    73
       Reflection        |       |       |     1 |       ||     1
       Rpst.: Falchion   |     9 |    38 |    60 |     1 ||   108

Table legend: (Time is in decaauts)
 A = Elapsed time spent in this place.
 B = Non-inter-level travel time spent in this place.
 C = Inter-level travel time spent in this place.
 D = Time resting spent in this place.
 E = Time spent auto-exploring this place.
 F = Levels seen in this place.
 G = Mean time per level.
                   A        B        C        D        E       F      G
               +--------+--------+--------+--------+--------+-----+--------+
         Total |   8904 |   8623 |    281 |    707 |   5800 |   9 |  989.3 |
       Dungeon |   7652 |   7371 |    281 |    601 |   5249 |   7 | 1093.1 |
       Ossuary |    661 |    661 |      0 |     24 |    356 |   1 |  661.0 |
        Bailey |    590 |    590 |      0 |     82 |    195 |   1 |  590.0 |
               +--------+--------+--------+--------+--------+-----+--------+

Top non-repeatable levels by time:
     D:4: 1839 daAuts
     D:2: 1456 daAuts
     D:5: 1220 daAuts
     D:6: 1093 daAuts
     D:1: 1092 daAuts
     D:3: 722 daAuts
 Ossuary: 661 daAuts
  Bailey: 590 daAuts
     D:7: 228 daAuts
